 Dungeon Crawl Stone Soup version 0.22-b1-26-g9dbaab1112 (webtiles) character file.

6341 Kirk the Magician (level 10, -5/79 HPs)
             Began as a Gnoll Skald on Aug 8, 2018.
             Was a Believer of Ashenzari.
             Slain by an orc warrior
             ... wielding a +0 mace
              (11 damage)
             ... on level 11 of the Dungeon.
             The game lasted 00:25:39 (8712 turns).

Kirk the Magician (Gnoll Skald)                     Turns: 8712, Time: 00:25:40

Health: -5/79      AC:  9    Str: 13    XL:     10   Next: 96%
Magic:  6/21       EV: 19    Int: 18    God:    Ashenzari [**....]
Gold:   710        SH:  0    Dex: 18    Spells: 5/24 levels left

rFire    + . .     SeeInvis .   A - +2 falchion (flame) (curse)
rCold    + . .     Gourm    +   (no shield)
rNeg     . . .     Faith    .   K - +1 leather armour {rC+} (curse)
rPois    .         Spirit   .   (helmet restricted)
rElec    +         Reflect  .   H - +0 cloak
rCorr    +         Harm     .   s - +0 pair of gloves
MR       .....                  k - +1 pair of boots
Stlth    +++.......             z - amulet of the gourmand
HPRegen  0.23/turn              m - +2 ring of dexterity
MPRegen  0.17/turn              F - ring of resist corrosion

@: infused, singing
A: distributed training, fangs 1, horns 1, repulsion field 1, fire resistance 1,
electricity resistance, strong nose
a: Curse Item, Scrying, Renounce Religion


You were on level 11 of the Dungeon.
You worshipped Ashenzari.
Ashenzari was pleased with you.
You were very full.

You visited 2 branches of the dungeon, and saw 12 of its levels.

You collected 846 gold pieces.
You spent 136 gold pieces at shops.

Inventory:

Hand Weapons
 a - a +2 trident of protection
 e - a +0 shortbow of flaming
 A - a cursed +2 falchion of flaming (weapon)
 M - a +0 hand crossbow
Missiles
 f - 213 arrows
 g - 73 poisoned needles
 o - 6 curare-tipped needles
 x - a throwing net (quivered)
 D - 20 bolts
Armour
 k - a +1 pair of boots (worn)
 s - a +0 pair of gloves (worn)
 C - a +2 robe of fire resistance
 H - a +0 cloak (worn)
 I - a +1 helmet
 K - a cursed +1 leather armour of cold resistance (worn)
Jewellery
 i - an uncursed ring of fire
 m - a +2 ring of dexterity (left hand)
 z - an amulet of the gourmand (around neck)
 F - a ring of resist corrosion (right hand)
Wands
 u - a wand of paralysis (8)
 y - a wand of acid (15)
 E - a wand of disintegration (16)
 G - a wand of digging (25)
 N - a wand of flame (24)
Scrolls
 b - a scroll of blinking
 p - a scroll of amnesia
 q - 4 scrolls of teleportation
 t - 2 scrolls of enchant weapon
 J - a scroll of remove curse
 O - a scroll of enchant armour
Potions
 c - a potion of might
 h - a potion of curing
 j - 3 potions of brilliance
 l - 2 potions of berserk rage
 n - 3 potions of flight
 r - a potion of magic
 v - a potion of lignification {unknown}
 w - a potion of invisibility
 B - a potion of mutation
 L - 2 potions of heal wounds
 Q - a potion of agility
Comestibles
 d - 14 rations


   Skills:
 + Level 7.3 Fighting
 + Level 5.6 Short Blades
 + Level 7.3(9.7) Long Blades
 + Level 5.6 Axes
 + Level 5.6 Maces & Flails
 + Level 5.6 Polearms
 + Level 5.6 Staves
 + Level 5.6 Slings
 + Level 5.6 Bows
 + Level 5.6 Crossbows
 + Level 5.6 Throwing
 + Level 6.3 Armour
 + Level 7.3 Dodging
 + Level 5.6 Stealth
 + Level 5.6 Shields
 + Level 5.6 Unarmed Combat
 + Level 7.6 Spellcasting
 + Level 4.6 Conjurations
 + Level 4.6 Hexes
 + Level 7.3 Charms
 + Level 4.6 Summonings
 + Level 4.6 Necromancy
 + Level 4.6 Translocations
 + Level 4.6 Transmutations
 + Level 4.6 Fire Magic
 + Level 4.6 Ice Magic
 + Level 4.6 Air Magic
 + Level 4.6 Earth Magic
 + Level 4.6 Poison Magic
 + Level 6.2 Invocations
 + Level 5.6 Evocations


You had 5 spell levels left.
You knew the following spells:

 Your Spells              Type           Power        Failure   Level  Hunger
a - Infusion              Chrm           ####         1%          1    None
b - Song of Slaying       Chrm           ####....     1%          2    None
c - Regeneration          Chrm/Necr      ####......   3%          3    #......
d - Spectral Weapon       Hex/Chrm       ####....     3%          3    #......
e - Shroud of Golubria    Chrm/Tloc      ####......   1%          2    None
f - Mephitic Cloud        Conj/Pois/Air  ###.....     5%          3    #......
g - Blink                 Tloc           N/A          2%          2    None
h - Conjure Flame         Conj/Fire      ###.....     5%          3    #......

Your spell library contained the following spells:

 Spells                   Type           Power        Failure   Level  Hunger
 Magic Dart               Conj           ###.         1%          1    None
 Bolt of Fire             Conj/Fire      ###.......   95%         6    ######.
 Lightning Bolt           Conj/Air       ###.......   45%         5    #####..
 Bolt of Magma            Conj/Fire/Erth ###.......   45%         5    #####..
 Slow                     Hex            ###.....     2%          2    None
 Call Imp                 Summ           ###.....     2%          2    None
 Sublimation of Blood     Necr           ###.......   2%          2    None
 Corpse Rot               Necr           N/A          2%          2    None
 Shock                    Conj/Air       ###.         1%          1    None
 Swiftness                Chrm/Air       ####....     1%          2    None
 Airstrike                Air            ###.......   19%         4    ###....
 Static Discharge         Conj/Air       ###.....     5%          3    #......


Dungeon Overview and Level Annotations

Branches:
Dungeon (11/15)            Temple (1/1) D:7            Lair (0/6) D:9
    Orc (0/2) D:9

Altars:
Ashenzari
Cheibriados
Dithmenos
Elyvilon
Fedhas
Gozag
Hepliaklqana
Kikubaaqudgha
Makhleb
Nemelex Xobeh
Okawaru
Qazlal
Ru
Sif Muna
Trog
Uskayaw
Vehumet
Wu Jian
Xom
Yredelemnul
Zin
The Shining One

Shops:
D:5 (   D:7 :(%

Annotations:
D:6 1 runed door, Cint's ghost, novice MiBe
D:9 2 transporters, burekbajo's ghost, novice MiFi


Innate Abilities, Weirdness & Mutations

Your experience applies equally to all skills.
You have very sharp teeth.
Your uncanny sense of smell can sniff out nearby items.
You have a pair of small horns on your head.
You are surrounded by a mild repulsion field. (EV +2)
Your flesh is heat resistant. (rF+)
You are resistant to electric shocks. (rElec)


Message History

You slash the orc wizard! You burn the orc wizard.
You kill the orc wizard!
You slash the orc warrior! You burn the orc warrior.
You bite the orc warrior, but do no damage.
The orc warrior is heavily wounded.
The orc warrior closely misses you.
You slash the orc warrior! You burn the orc warrior.
The orc warrior is almost dead.
The orc warrior completely misses you.
You hit the orc warrior but do no damage.
Your bite misses the orc warrior.
The orc warrior is almost dead.
You closely miss the orc warrior. Your headbutt misses the orc warrior.
The orc warrior is almost dead.
The orc warrior hits you with a mace!!
* * * LOW HITPOINT WARNING * * *
You hit the orc warrior but do no damage.
The orc warrior is almost dead.
The orc warrior hits you with a mace!
You die...

######......###+##o...#....#..
, #....#......# ,
#............ , #....#......#
, #....#....... ,
#....#......#, #....#....... ,
#....#......# ,,#....#.......
#....#......######....#.......
#....#......#....#[...######..
#....#......#....o†...# , .
#....#......#...@#....#, , ,
#....#......#....######,,,,
#....#......#....# , ,
#....#......#....#
#....#......'....# , * , ,
#....#......#....# , *, ,
#....#......#....# ,,
###'#####'########, ,
#.....#.....# ,* , ,


You could see an orc warrior.

Vanquished Creatures
  Pikel (D:8)
  A hornet (D:8)
  Grinder (D:6)
  A hippogriff (D:9)
  A wyvern (D:10)
  3 yaks (D:11)
  A hungry ghost (D:7)
  2 black bears (D:9)
  2 orc warriors
  2 sky beasts
  3 ice beasts
  10 ogres
  5 centaurs
  A crocodile (D:7)
  4 bullfrogs
  A gnoll sergeant (D:5)
  2 scorpions
  A water moccasin skeleton (D:6)
  A wyvern skeleton (D:9)
  A jelly (D:9)
  14 killer bees
  2 howler monkeys
  4 crimson imps
  A bullfrog zombie (D:9)
  5 hounds
  3 orc priests
  A centaur skeleton (D:8)
  3 iguanas
  6 orc wizards
  9 worker ants
  A hound zombie (D:6)
  A hound skeleton (D:7)
  A worker ant zombie (D:11)
  10 gnolls
  5 adders
  A howler monkey skeleton (D:4)
  2 shadow imps
  An ooze (D:1)
  2 adder skeletons
  2 dart slugs
  3 leopard geckos
  53 orcs
  2 bats
  3 giant cockroaches
  9 hobgoblins
  4 jackals
  7 kobolds
  A quokka (D:5)
  2 ball pythons
  9 frilled lizards
  7 goblins
  A quokka zombie (D:3)
  9 rats
228 creatures vanquished.

Vanquished Creatures (others)
  A fungus (D:9)
  2 spectral weapons (D:10)
  2 withered plants (D:6)
5 creatures vanquished.

Grand Total: 233 creatures vanquished

Notes
Turn   | Place    | Note
-------+----------+-------------------------------------------
     0 | D:1      | Kirk the Gnoll Skald began the quest for the Orb.
     0 | D:1      | Reached XP level 1. HP: 20/20 MP: 6/6
    72 | D:1      | Reached XP level 2. HP: 23/26 MP: 7/7
   356 | D:1      | Reached XP level 3. HP: 21/31 MP: 9/9
   544 | D:1      | Reached skill level 5 in Spellcasting
   907 | D:2      | Found a burning altar of Makhleb.
  1147 | D:2      | Reached skill level 1 in Invocations
  1285 | D:2      | Reached skill level 1 in Short Blades
  1285 | D:2      | Reached skill level 1 in Axes
  1285 | D:2      | Reached skill level 1 in Maces & Flails
  1285 | D:2      | Reached skill level 1 in Polearms
  1285 | D:2      | Reached skill level 1 in Staves
  1285 | D:2      | Reached skill level 1 in Slings
  1285 | D:2      | Reached skill level 1 in Bows
  1285 | D:2      | Reached skill level 1 in Crossbows
  1285 | D:2      | Reached skill level 1 in Throwing
  1285 | D:2      | Reached skill level 1 in Stealth
  1285 | D:2      | Reached skill level 1 in Shields
  1285 | D:2      | Reached skill level 1 in Unarmed Combat
  1285 | D:2      | Reached skill level 1 in Evocations
  1285 | D:2      | Reached XP level 4. HP: 31/38 MP: 11/11
  1462 | D:2      | Found a shadowy altar of Dithmenos.
  1584 | D:3      | Found a faded altar of an unknown god.
  1858 | D:3      | Learned a level 2 spell: Song of Slaying
  1862 | D:3      | Learned a level 3 spell: Regeneration
  1866 | D:3      | Learned a level 3 spell: Spectral Weapon
  1869 | D:3      | Learned a level 2 spell: Shroud of Golubria
  1934 | D:3      | Reached skill level 1 in Conjurations
  1934 | D:3      | Reached skill level 1 in Hexes
  1934 | D:3      | Reached skill level 1 in Summonings
  1934 | D:3      | Reached skill level 1 in Necromancy
  1934 | D:3      | Reached skill level 1 in Translocations
  1934 | D:3      | Reached skill level 1 in Transmutations
  1934 | D:3      | Reached skill level 1 in Fire Magic
  1934 | D:3      | Reached skill level 1 in Ice Magic
  1934 | D:3      | Reached skill level 1 in Air Magic
  1934 | D:3      | Reached skill level 1 in Earth Magic
  1934 | D:3      | Reached skill level 1 in Poison Magic
  1934 | D:3      | Reached XP level 5. HP: 30/43 MP: 6/12
  2242 | D:2      | Gained mutation: You are resistant to electric shocks. (rElec) [potion of mutation]
  2242 | D:2      | Gained mutation: You are surrounded by a mild repulsion field. (EV +2) [potion of mutation]
  2242 | D:2      | Gained mutation: You have a pair of small horns on your head. [potion of mutation]
  2242 | D:2      | Gained mutation: Your flesh is heat resistant. (rF+) [potion of mutation]
  2768 | D:4      | You fall through a shaft!
  2768 | D:5      | Entered Level 5 of the Dungeon
  2771 | D:5      | Found Ydexadd's Weapon Shop.
  2772 | D:5      | Noticed an ogre
  2945 | D:4      | Reached XP level 6. HP: 50/50 MP: 10/13
  3001 | D:4      | Reached skill level 5 in Fighting
  3001 | D:4      | Reached skill level 5 in Long Blades
  3001 | D:4      | Reached skill level 5 in Dodging
  3397 | D:5      | Reached XP level 7. HP: 52/56 MP: 3/15
  3508 | D:5      | Bought a +1 falchion of flaming for 136 gold pieces
  4052 | D:5      | Learned a level 1 spell: Magic Dart
  4055 | D:5      | Learned a level 2 spell: Blink
  4059 | D:5      | Learned a level 3 spell: Conjure Flame
  4220 | D:5      | Reached XP level 8. HP: 62/63 MP: 2/16
  4481 | D:6      | Noticed Grinder
  4489 | D:6      | Killed Grinder
  4631 | D:6      | Found a runed door.
  4635 | D:6      | Noticed Cint's ghost (novice MiBe)
  5254 | D:7      | Found a staircase to the Ecumenical Temple.
  5262 | Temple   | Entered the Ecumenical Temple
  5371 | Temple   | Became a worshipper of Ashenzari the Shackled
  5632 | D:7      | Found Buypt's Food Boutique.
  5681 | D:7      | Reached XP level 9. HP: 64/69 MP: 13/18
  5931 | D:7      | Found Ecriut's Antique Weapon Boutique.
  5973 | D:7      | Found Jafyfup's Book Shoppe.
  6042 | D:7      | Found a snail-covered altar of Cheibriados.
  6403 | D:8      | Found a white marble altar of Elyvilon.
  6420 | D:8      | Reached skill level 5 in Armour
  6475 | D:8      | Reached * piety under Ashenzari
  6721 | D:8      | Reached skill level 5 in Invocations
  6843 | D:8      | Noticed a hornet
  6858 | D:8      | Paralysed by a hornet for 1 turns
  6859 | D:8      | Killed a hornet
  6871 | D:8      | Learned a level 3 spell: Mephitic Cloud
  6880 | D:8      | Noticed Pikel
  6884 | D:8      | Killed Pikel
  6884 | D:8      | Reached XP level 10. HP: 74/77 MP: 18/20
  7186 | D:9      | Reached skill level 5 in Short Blades
  7186 | D:9      | Reached skill level 5 in Axes
  7186 | D:9      | Reached skill level 5 in Maces & Flails
  7186 | D:9      | Reached skill level 5 in Polearms
  7186 | D:9      | Reached skill level 5 in Staves
  7186 | D:9      | Reached skill level 5 in Slings
  7186 | D:9      | Reached skill level 5 in Bows
  7186 | D:9      | Reached skill level 5 in Crossbows
  7186 | D:9      | Reached skill level 5 in Throwing
  7186 | D:9      | Reached skill level 5 in Stealth
  7186 | D:9      | Reached skill level 5 in Shields
  7186 | D:9      | Reached skill level 5 in Unarmed Combat
  7186 | D:9      | Reached skill level 5 in Evocations
  7395 | D:9      | Found an iron altar of Okawaru.
  7429 | D:9      | Found a staircase to the Orcish Mines.
  7474 | D:9      | Found a transporter.
  7474 | D:9      | Found a transporter.
  7483 | D:9      | Noticed burekbajo's ghost (novice MiFi)
  7618 | D:9      | Found a sparkling altar of Nemelex Xobeh.
  7618 | D:9      | Found a deep blue altar of Sif Muna.
  7649 | D:9      | Reached ** piety under Ashenzari
  7654 | D:9      | Identified Sif Muna's Almanac of Doomed Ignition
  7804 | D:9      | Found a staircase to the Lair.
  7920 | D:10     | Entered Level 10 of the Dungeon
  8712 | D:11     | Slain by an orc warrior

Skill      XL: |  1  2  3  4  5  6  7  8  9 10 |
---------------+-------------------------------+-----
Spellcasting   | 5 6 7 |  7.6
Invocations    | 1 2 3 4 5 6 |  6.2
Short Blades   | 1 2 3 4 5 |  5.6
Axes           | 1 2 3 4 5 |  5.6
Maces & Flails | 1 2 3 4 5 |  5.6
Polearms       | 1 2 3 4 5 |  5.6
Staves         | 1 2 3 4 5 |  5.6
Slings         | 1 2 3 4 5 |  5.6
Bows           | 1 2 3 4 5 |  5.6
Crossbows      | 1 2 3 4 5 |  5.6
Throwing       | 1 2 3 4 5 |  5.6
Stealth        | 1 2 3 4 5 |  5.6
Shields        | 1 2 3 4 5 |  5.6
Unarmed Combat | 1 2 3 4 5 |  5.6
Evocations     | 1 2 3 4 5 |  5.6
Conjurations   | 1 2 3 4 |  4.6
Hexes          | 1 2 3 4 |  4.6
Summonings     | 1 2 3 4 |  4.6
Necromancy     | 1 2 3 4 |  4.6
Translocations | 1 2 3 4 |  4.6
Transmutations | 1 2 3 4 |  4.6
Fire Magic     | 1 2 3 4 |  4.6
Ice Magic      | 1 2 3 4 |  4.6
Air Magic      | 1 2 3 4 |  4.6
Earth Magic    | 1 2 3 4 |  4.6
Poison Magic   | 1 2 3 4 |  4.6
Armour         | 3 4 5 6 |  6.3
Fighting       | 5 6 7 |  7.3
Long Blades    | 5 6 7 |  7.3
Dodging        | 5 6 7 |  7.3
Charms         | 6 7 |  7.3

Action                   |  1- 3 |  4- 6 |  7- 9 | 10-12 || total
-------------------------+-------+-------+-------+-------++-------
Melee: Falchion          |   103 |   136 |   222 |   167 ||   628
       Bite              |     8 |    15 |    23 |    20 ||    66
       Headbutt          |       |    19 |    62 |    32 ||   113
       Punch             |       |     2 |     7 |     4 ||    13
 Cast: Infusion          |       |     7 |    16 |    16 ||    39
       Shroud of Golubri |       |     1 |    11 |     7 ||    19
       Spectral Weapon   |       |     1 |       |     2 ||     3
       Regeneration      |       |     1 |       |       ||     1
       Song of Slaying   |       |       |     3 |     5 ||     8
       Magic Dart        |       |       |     2 |       ||     2
       Mephitic Cloud    |       |       |       |     5 ||     5
Invok: Curse Item        |       |       |     2 |       ||     2
Evoke: Wand              |       |       |     4 |     1 ||     5
  Use: Scroll            |       |    14 |     5 |     3 ||    22
       Potion            |       |     1 |     4 |       ||     5
 Stab: Sleeping          |     3 |     2 |     6 |     1 ||    12
       Distracted        |       |     1 |       |       ||     1
       Confused          |       |       |       |     4 ||     4
  Eat: Chunk             |     1 |     7 |    31 |     5 ||    44
Armor: Leather armour    |    18 |    25 |    47 |    27 ||   117
Dodge: Dodged            |    60 |    85 |   184 |   141 ||   470
       Rpst.: Falchion   |    16 |    29 |    62 |    42 ||   149
